 Dungeon Crawl Stone Soup version 0.18.1-8-gdd0e5ea (webtiles) character file.

154 M4edhros the Shield-Bearer (level 5, -2/41 HPs)
             Began as a Formicid Fighter on June 5, 2016.
             Slain by M4edhros's ghost (12 damage)
             ... on level 4 of the Dungeon.
             The game lasted 00:01:26 (1152 turns).

M4edhros the Shield-Bearer (Formicid Fighter)       Turns: 1152, Time: 00:01:27

Health: -2/41      AC:  8    Str: 26    XL:     5   Next: 63%
Magic:  5/5        EV: 13    Int:  7    God:
Gold:   65         SH: 11    Dex: 16    Spells: 0 memorised, 4 levels left

rFire  . . .     SeeInvis +     a - +0 trident
rCold  . . .     Gourm    .     b - +0 scale mail
rNeg   . . .     Faith    .     c - +0 shield
rPois  .         Spirit   .     (helmet unavailable)
rElec  .         Dismiss  .     i - +0 cloak
rCorr  .         Reflect  .     (no gloves)
SustAt .         Harm     .     (no boots)
MR     .....                    (no amulet)
Stlth  +.........               (no ring)
                                (no ring)

@: mighty, agile, not resistant to hostile enchantments, very unstealthy
A: permanent stasis, dig shafts and tunnels, four strong arms, antennae 3
a: Dig, Shaft Self


You were on level 4 of the Dungeon.
You were not hungry.

You visited 1 branch of the dungeon, and saw 4 of its levels.

You collected 65 gold pieces.

Inventory:

Hand Weapons
 a - a +0 trident (weapon)
Armour
 b - a +0 scale mail (worn)
 c - a +0 shield (worn)
 i - a +0 cloak (worn)
Jewellery
 j - an uncursed ring of resist corrosion {unknown}
Scrolls
 h - 2 scrolls of remove curse
 m - 2 scrolls of identify {unknown}
 n - a scroll of enchant armour {unknown}
Potions
 e - a potion of magic {unknown}
 g - a potion of invisibility {unknown}
 k - a potion of agility
 l - a potion of degeneration {unknown}
Comestibles
 f - a bread ration
 o - a chunk of flesh


   Skills:
 - Level 3.2 Fighting
 + Level 4.0 Polearms
 - Level 3.2 Armour
 + Level 5.5 Shields


You had 4 spell levels left.
You didn't know any spells.

Dungeon Overview and Level Annotations

Branches:
Dungeon (4/15)
 Temple: D:4-7

Altars:
Elyvilon
Zin

Annotations:
D:4 1 runed door, M4edhros's ghost, amateur FoFi


Innate Abilities, Weirdness & Mutations

You are under a permanent stasis effect.
You can dig through walls and to a lower floor.
Your four strong arms can wield two-handed weapons with a shield.
You have a pair of large antennae on your head (SInv).


Message History

You puncture M4edhros's ghost!
M4edhros's ghost is moderately damaged.
You block M4edhros's ghost's attack.
You closely miss M4edhros's ghost.
M4edhros's ghost is moderately damaged.
M4edhros's ghost completely misses you.
Drink which item? (? for menu, Esc to quit)
It was a potion of agility.
You feel agile all of a sudden. You block M4edhros's ghost's attack.
You closely miss M4edhros's ghost.
M4edhros's ghost is moderately damaged.
You block M4edhros's ghost's attack.
You miss M4edhros's ghost.
M4edhros's ghost is lightly damaged.
M4edhros's ghost closely misses you.
You puncture M4edhros's ghost!
M4edhros's ghost is moderately damaged.
M4edhros's ghost hits you!
You die...

.########..# #..#.##..
##.# #..#.##.. ##'##
#..#..#.. ##...##
#..##.#.. ##.....##
#..##.#.. ##.......##
#........
..##.........###.......#
...'.........'..........
.##..W@.....####...####
##.......## ##.##
##.....## #.# ##...##
#.# ##'## #.# #.# #.#
#.# #.# ... #.


You could see M4edhros's ghost.

Vanquished Creatures
  2 hounds (D:4)
  An iguana (D:4)
  2 adders (D:2)
  A shadow imp (D:4)
  An ooze (D:4)
  An adder skeleton (D:4)
  3 dart slugs (D:2)
  4 worms
  A giant gecko (D:4)
  An orc (D:4)
  A bat (D:3)
  A giant cockroach (D:4)
  2 goblins (D:1)
  A hobgoblin (D:2)
  2 quokkas
  A giant newt (D:4)
  A jackal skeleton (D:4)
26 creatures vanquished.

Notes
Turn   | Place    | Note
--------------------------------------------------------------
     0 | D:1      | M4edhros the Formicid Fighter began the quest for the Orb.
     0 | D:1      | Reached XP level 1. HP: 18/18 MP: 1/1
   332 | D:2      | Reached XP level 2. HP: 24/24 MP: 2/2
   361 | D:2      | Reached skill level 4 in Shields
   415 | D:2      | Reached XP level 3. HP: 20/29 MP: 3/3
   476 | D:2      | Found a white marble altar of Elyvilon.
   638 | D:4      | Found a glowing silver altar of Zin.
   638 | D:4      | Found a runed door.
   638 | D:4      | Noticed an angel
   779 | D:4      | Reached XP level 4. HP: 24/35 MP: 4/4
   956 | D:4      | Reached skill level 5 in Shields
   956 | D:4      | Reached XP level 5. HP: 41/41 MP: 5/5
  1140 | D:4      | Noticed M4edhros's ghost (amateur FoFi)
  1152 | D:4      | Slain by M4edhros's ghost

Skill      XL: |  1  2  3  4  5 |
---------------+----------------+-----
Shields        | 4 5 |  5.5
Polearms       | 3 4 |  4.0
Fighting       | |  3.2
Armour         | |  3.2

Action                   |  1- 3 |  4- 6 || total
-------------------------+-------+-------++-------
Melee: Trident           |    98 |    48 ||   146
  Use: Scroll            |     1 |       ||     1
       Potion            |       |     2 ||     2
  Eat: Chunk             |       |     1 ||     1
Armor: Scale mail        |    20 |     8 ||    28
Dodge: Dodged            |    16 |    11 ||    27
Block: Shield            |    52 |    23 ||    75
